Unix NetHack Version 5.0.0-0 post-release - last build Jun 10 2026 00:39:30 (3ee93aec679c4c4259841fe613dc97188e26a321,branch:main).

Game began 2026-06-12 20:38:59, ended 2026-06-12 21:17:53.

IcarusRises, neutral male human Tourist

                            #                ----------
                       ---------             |........|             ---------
                       |.......|            #.........|             |.......|
     -----------       |......+.#           #|........|             |...!...|
     |.........|    ###.^......|#           #|........|            #-...(...|
     |.......+..#####  ---------#           #------.---            #|..+....|
     |.........|                #           # #@#######          ###|.......|
     |.%.....<*|               ##           ##q  ---.-#          #  ------.--
     |.........|               %            ##   |(..|######  ####        #
     -----------             ### #         ###   |...|`  --+--#           #
                             #-------------# #----.(%%###|....#        ####
                             #|...........|###|..(...|# #....|##       #
                             #............-###|......|#  |...| #     ###
                              |...........|# #|..(...|###....| #     #
                              |...........|# #----...|#  ---.- #   ###
                              |...........+# #   |+..|#     #  ###-.---
                              -------------  ####-...|#          #..>.|
                                                 -----#           |...|
                                           ############           -----

IcarusRises the Excursionist  St:11 Dx:15 Co:14 In:11 Wi:10 Ch:12  Neutral
Dlvl:4  $:10 HP:0(46) Pw:23(23) AC:3  Xp:6 T:1307 

Latest messages:
 You miss the rothe.
 You miss the rothe.
 The rothe hits!
 The rothe bites!
 The rothe bites again!
 You hit the rothe.
 The rothe hits!
 The rothe bites!
 The rothe misses!
 You hit the rothe!
 The rothe turns to flee.
 You hit the rothe.
 The rothe hits!
 The rothe misses!
 The rothe bites!
 You hit the rothe!
 You miss the rothe.
 The rothe misses!
 The rothe bites!
 The rothe misses!
 You miss the rothe.
 The rothe hits!
 The rothe bites!
 The rothe bites again!
 You miss the rothe.
 The rothe hits!
 The rothe bites!
 The rothe bites again!
 The rothe hits!
 The rothe bites!
 The rothe bites again!
 You swap places with your little dog.
 The little dog misses it.
 The little dog misses it.
 The little dog misses it.
 The little dog misses it.
 You hear some noises.
 You hear some noises in the distance.
 You hear some noises.
 You hear some noises in the distance.
 The rothe hits!
 The rothe bites!
 The rothe bites again!
 In what direction? 1
 The dart hits the rothe.
 The rothe hits!
 The rothe bites!
 The rothe bites again!
 You die...
 Do you want your possessions identified? [ynq] (y) q

Inventory:
 Coins    ('$')
  $ - 10 gold pieces
 Weapons  (')')
  a - 30 +3 darts (at the ready)
  N - a +0 spear (weapon in right hand)
 Armor    ('[')
  o - an uncursed +2 pair of kicking boots (being worn)
  r - a blessed +1 cloak of invisibility
  l - an uncursed +0 Hawaiian shirt with a hula dancer motif (being worn)
  s - an uncursed +1 studded leather armor (being worn)
 Comestibles  ('%')
  b - 7 uncursed food rations
  g - 2 uncursed tripe rations
 Scrolls  ('?')
  L - an uncursed scroll of identify
  j - a blessed scroll of magic mapping
  k - 2 uncursed scrolls of magic mapping
  F - an uncursed scroll of remove curse
  J - an uncursed scroll of scare monster
 Potions  ('!')
  i - a blessed potion of extra healing
  h - an uncursed potion of extra healing
  x - an uncursed potion of healing
  y - 2 cursed potions of healing
  w - an uncursed potion of sickness
 Rings    ('=')
  t - an uncursed ring of conflict
  M - an uncursed ring of sustain ability
 Wands    ('/')
  G - a wand of death (0:2)
  I - a wand of stasis (0:4)
 Tools    ('(')
  n - an uncursed credit card
  m - an expensive camera (0:39)
  z - an uncursed tin opener
 Gems/Stones  ('*')
  E - an uncursed worthless piece of yellow glass

IcarusRises the Tourist's attributes:

Background:
 You were an Excursionist, a level 6 male human Tourist.
 You were neutral, nominally on a mission for The Lady
 who was opposed by Blind Io (lawful) and Offler (chaotic).
 You were right-handed.
 You were in the Dungeons of Doom, on level 4.
 You entered the dungeon 1307 turns ago.
 You had 395 experience points, 245 more were needed to attain level 7.

Basics:
 You had 0 out of 46 hit points.
 You had all 23 energy points (spell power).
 Your armor class was 3.
 Your wallet contained 10 zorkmids.
 Autopickup was off.

Final Characteristics:
 Your strength was 11 (limit:18/100).
 Your dexterity was 15 (limit:18).
 Your constitution was 14 (limit:18).
 Your intelligence was 11 (limit:18).
 Your wisdom was 10 (limit:18).
 Your charisma was 12 (limit:18).

Final Status:
 You weren't hungry.
 You were unencumbered.
 You were wielding a spear.
 You were unskilled in spear.

Final Attributes:
 You were stridently aligned.
 You were warded.
 You are dead.

Miscellaneous:
 You didn't encounter any bones levels.
 Total elapsed playing time was 38 minutes and 51 seconds.

Major events:
 Turn
    1: IcarusRises the neutral male human Tourist entered the dungeon
  978: attained the rank of Sightseer (level 3)
  992: attained the rank of Excursionist (level 6)
 1307: killed by a rothe

Spells:
 Name                 Level Category     Fail Retention
 confuse monster        1   enchantment   38%  76%-100%
 cure blindness         2   healing      100%  76%-100%

Skills:
 Fighting Skills
   bare handed combat [Unskilled]
   two weapon combat  [Unskilled]
   riding             [Unskilled]
 Weapon Skills
   dagger             [Unskilled]
   knife              [Unskilled]
   axe                [Unskilled]
   pick-axe           [Unskilled]
   short sword        [Unskilled]
   broadsword         [Unskilled]
   long sword         [Unskilled]
   two-handed sword   [Unskilled]
   saber              [Unskilled]
   mace               [Unskilled]
   morning star       [Unskilled]
   flail              [Unskilled]
   hammer             [Unskilled]
   quarterstaff       [Unskilled]
   polearms           [Unskilled]
   spear              [Unskilled]
   trident            [Unskilled]
   lance              [Unskilled]
   bow                [Unskilled]
   sling              [Unskilled]
   crossbow           [Unskilled]
   dart               [Basic]
   shuriken           [Unskilled]
   boomerang          [Unskilled]
   whip               [Unskilled]
   unicorn horn       [Unskilled]
 Spellcasting Skills
   divination spells  [Unskilled]
   enchantment spells [Unskilled]
   escape spells      [Unskilled]

Voluntary challenges:
 Character rerolling was not enabled.
 You were vegetarian.
 You were an atheist.
 You never genocided any monsters.
 You never polymorphed an object.
 You never changed form.
 You used no wishes.
Achievements:
 You attained the rank of Sightseer.
 You attained the rank of Excursionist.

 The Dungeons of Doom: levels 1 to 4
    Level 1:
    Level 2:
    Level 3:
       Some fountains, a sink.
    Level 4: <- You were here.
       Final resting place for
          you, killed by a rothe.


Vanquished creatures:
  a giant mimic
  2 large mimics
  5 small mimics
  a rock piercer
  a kobold leader
  a gnome zombie
  a gecko
  a jackal
  a kobold
  2 goblins
  a sewer rat
  6 grid bugs
  2 lichens
  3 kobold zombies
  5 newts
33 creatures vanquished.

No species were genocided or became extinct.

Game over:
                       ----------
                      /          \
                     /    REST    \
                    /      IN      \
                   /     PEACE      \
                  /                  \
                  |   IcarusRises    |
                  |      10 Au       |
                  |   killed by a    |
                  |      rothe       |
                  |                  |
                  |                  |
                  |       2026       |
                 *|     *  *  *      | *
        _________)/\\_//(\/(/\)/\//\/|_)_______

Aloha IcarusRises the Tourist...

You died in The Dungeons of Doom on dungeon level 4 with 1872 points,
and 10 pieces of gold, after 1307 moves.
You were level 6 with a maximum of 46 hit points when you died.

